 Dungeon Crawl Stone Soup version 0.32-a0-702-gc29ba85809 (webtiles) character file.

Game seed: 13658980514874986972

169 Revguard the Slasher (level 5, -10/36 (40) HPs)
             Began as a Demonspawn Gladiator on Mar 14, 2024.
             Killed by divine providence
             ... invoked by an orc priest
              (11 damage)
             ... on level 4 of the Dungeon.
             The game lasted 00:05:58 (2743 turns).

Revguard the Slasher (Demonspawn Gladiator)         Turns: 2743, Time: 00:05:58

HP:   -10/36 (40)   AC:  9    Str: 14 (15) XL:     5   Next: 25%
MP:   5/5           EV: 10    Int:  7 (8)  God:
Gold: 133           SH:  4    Dex: 13 (16) Spells: 4/4 levels left

rFire   . . .        i - +1 short sword (venom)
rCold   . . .        (no shield)
rNeg    . . .        f - +0 ring mail
rPois   .            c - +0 helmet
rElec   .            (no cloak)
rCorr   .            (no gloves)
SInv    .            q - +0 pair of boots
Will    .....        (no amulet)
Stlth   +            (no ring)
HPRegen 0.26/turn    (no ring)
MPRegen 0.09/turn

%: no passive effects
@: mighty, lethally poisoned (-10 -> -12), heavily drained
A: hooves 1, slimy green scales 1, condensation shield
a: Convert to Beogh


You were on level 4 of the Dungeon.
You visited 1 branch of the dungeon, and saw 4 of its levels.

You collected 133 gold pieces.

Inventory:

Hand Weapons
 a - a +0 long sword
 i - a +1 short sword of venom (weapon)
Missiles
 d - 3 throwing nets (quivered)
 e - a javelin
Armour
 b - a +0 leather armour
 c - a +0 helmet (worn)
 f - a +0 ring mail (worn)
 q - a +0 pair of boots (worn)
Scrolls
 g - a scroll of fog {unknown}
 l - 3 scrolls of identify {unknown}
 m - 2 scrolls of summoning {unknown}
 o - a scroll of amnesia {unknown}
 p - 2 scrolls of vulnerability {unknown}
 r - a scroll of poison {unknown}
 s - a scroll of fear {unknown}


   Skills:
 + Level 2.9 Fighting
 + Level 3.4 Long Blades
 - Level 1.7 Throwing
 + Level 1.6 Armour
 + Level 3.3 Dodging
 + Level 0.9 Stealth
 + Level 2.0 Evocations


You had 4 spell levels left.
You didn't know any spells.
Your spell library contained the following spells:

 Spells                   Type           Power      Damage    Failure   Level
 Sandblast                Erth           0%         2d4       67%         1
 Stone Arrow              Conj/Erth      0%         3d7       96%         3
 Brom's Barrelling Bould  Conj/Erth      0%         2d3       100%        4


Dungeon Overview and Level Annotations

Branches:
Dungeon (4/15)
 Temple: D:4-7

Altars:


Innate Abilities, Weirdness & Mutations

You have large cloven feet.
You are partially covered in slimy green scales. (AC +2)
A meltable shield of frost defends you. (SH +4)


Message History

* * * LOW HITPOINT WARNING * * *
The iguana attacks as it pursues you! The iguana barely misses you.
The orc attacks as it pursues you! The orc hits you but does no damage.
You feel drained. The orc barely misses you.
The adder bites you but does no damage.
You kill the orc!
The adder bites you.
* * * LOW HITPOINT WARNING * * *
The orc barely misses you. The adder attacks as it pursues you!
The adder bites you but does no damage. The orc attacks as it pursues you!
The orc barely misses you. The orc attacks as it pursues you!
You block the orc's attack. The adder bites you but does no damage.
There is a stone staircase leading up here.
The adder attacks as it pursues you! The adder bites you but does no damage.
You kill the orc!
Your Evocations skill increases to level 2!
The adder bites you but does no damage. The adder attacks as it pursues you!
You block the adder's attack.
You hit the adder but do no damage. The adder closely misses you.
You closely miss the adder. The adder bites you.
* * * LOW HITPOINT WARNING * * *
It was a potion of degeneration.
There was something very wrong with that liquid.
You feel weakened.
You feel dopey.
You feel clumsy.
The orc priest looks more healthy.
You block the adder's attack. The adder bites you.
* * * LOW HITPOINT WARNING * * *
You are lethally poisoned!
The adder poisons you!
It was a potion of might.
You feel very mighty all of a sudden.
* * * LOW HITPOINT WARNING * * *
You feel sick. You block the adder's attack.
It was a potion of magic.
Magic courses through your body.
* * * LOW HITPOINT WARNING * * *
You feel sick. The adder bites you but does no damage.
The orc priest calls down the wrath of Beogh upon you.
Beogh smites you!
You die...

#....?....#
#..)......#
#.........#
#....l....#
######.o###
##...)<#
##...##.####
#...###o...###
#..#..@Sol....#
#. #####....#.#
. ..#### # .##
#. #. #.


You could see an iguana, an orc priest, an adder and an orc.

Vanquished Creatures
  A bombardier beetle (D:3)
  Robin (D:2)
  3 adders (D:2)
  3 ribbon worms
  3 orcs
  5 ball pythons
  7 bats
  7 endoplasms
  5 giant cockroaches
  18 goblins
  5 hobgoblins
  6 jackals
  2 quokkas (D:1)
  A frilled lizard (D:3)
  4 kobolds
  9 rats
80 creatures vanquished.

Notes
Turn   | Place    | Note
-------+----------+-------------------------------------------
     0 | D:1      | Revguard the Demonspawn Gladiator began the quest for the
                  | Orb.
     0 | D:1      | Reached XP level 1. HP: 16/16 MP: 1/1
   155 | D:1      | Found a faded altar of an unknown god.
   167 | D:1      | Gained mutation: You are partially covered in slimy green
                  | scales. (AC +2) [demonic ancestry]
   167 | D:1      | Reached XP level 2. HP: 14/22 MP: 2/2
   681 | D:1      | Reached skill level 1 in Evocations
   713 | D:1      | You fall into a shaft and drop 1 floor!
   738 | D:2      | Gained mutation: A meltable shield of frost defends you.
                  | (SH +4) [demonic ancestry]
   738 | D:2      | Reached XP level 3. HP: 28/28 MP: 3/3
   767 | D:2      | Reached skill level 1 in Armour
  1022 | D:2      | Noticed Robin
  1025 | D:2      | Reached XP level 4. HP: 34/34 MP: 4/4
  1036 | D:2      | Killed Robin
  2152 | D:3      | Gained mutation: You have large cloven feet. [demonic
                  | ancestry]
  2152 | D:3      | Reached XP level 5. HP: 39/40 MP: 5/5
  2743 | D:4      | HP: 1/36 [poisoned by an adder]
  2743 | D:4      | Killed from afar by an orc priest

Illustrated notes

Levels and vault maps discovered:
D:1:      roderic_octagonal_star, layout_loops_ring,
          shapermc_ecumenical_altar_mp_ritualfount
D:2:      layout_basic, minmay_3d_cube, uniq_robin
D:3:      layout_basic
D:4:      layout_basic, gammafunk_temple_overflow_claw, uniq_ijyb, uniq_duvessa,
          uniq_menkaure

Skill      XL: |  1  2  3  4  5 |
---------------+----------------+-----
Evocations     | 1 2 |  2.0
Dodging        | 3 |  3.3
Long Blades    | 3 |  3.4
Armour         | 1 |  1.6
Fighting       | |  2.9
Throwing       | |  1.7
Stealth        | |  0.9

Action                     |  1- 3 |  4- 6 || total
---------------------------+-------+-------++-------
  Melee: Long sword        |    46 |       ||    46
         Short sword       |    66 |   118 ||   184
    Use: Potion            |       |     5 ||     5
 Armour: Leather armour    |    29 |       ||    29
         Ring mail         |    52 |    63 ||   115
  Dodge: Dodged            |    81 |    74 ||   155
  Block: Other             |     8 |    20 ||    28

Table legend: (Time is in decaauts)
 A = Elapsed time spent in this place.
 B = Non-inter-level travel time spent in this place.
 C = Inter-level travel time spent in this place.
 D = Time resting spent in this place.
 E = Time spent auto-exploring this place.
 F = Levels seen in this place.
 G = Mean time per level.
                   A        B        C        D        E       F      G
               +--------+--------+--------+--------+--------+-----+--------+
         Total |   2740 |   2563 |    177 |      0 |   1975 |   4 |  685.0 |
       Dungeon |   2740 |   2563 |    177 |      0 |   1975 |   4 |  685.0 |
               +--------+--------+--------+--------+--------+-----+--------+

Top non-repeatable levels by time:
     D:3: 931 daAuts
     D:1: 896 daAuts
     D:2: 888 daAuts
     D:4: 24 daAuts
